 Dungeon Crawl Stone Soup version 0.31-a0-1603-gbec6b6ccbf (webtiles) character file.

Game seed: 1264147717868912082

1 MisterAzrael the Trooper (level 1, -1/20 HPs)
             Began as a Hill Orc Fighter on Jan 8, 2024.
             Slain by a goblin
             ... wielding a +0 dagger of electrocution
              (3 damage)
             ... on level 1 of the Dungeon.
             The game lasted 00:00:03 (22 turns).

MisterAzrael the Trooper (Hill Orc Fighter)           Turns: 22, Time: 00:00:03

Health: -1/20      AC:  6    Str: 18    XL:     1   Next: 20%
Magic:  1/1        EV:  9    Int:  8    God:
Gold:   0          SH:  4    Dex: 10    Spells: 0/0 levels left

rFire   . . .        a - +0 war axe
rCold   . . .        c - +0 buckler
rNeg    . . .        b - +0 scale mail
rPois   .            (no helmet)
rElec   .            (no cloak)
rCorr   .            (no gloves)
SInv    .            (no boots)
Will    .....        (no amulet) Stlth
                     (no ring)
HPRegen 0.23/turn    (no ring)
MPRegen 0.07/turn

%: no passive effects
@: no status effects
A: no striking features
a: no special abilities


You were on level 1 of the Dungeon.
You visited 1 branch of the dungeon, and saw 1 of its levels.

Inventory:

Hand Weapons
 a - a +0 war axe (weapon)
Armour
 b - a +0 scale mail (worn)
 c - a +0 buckler (worn)
Potions
 d - a potion of might


   Skills:
 + Level 3.6 Fighting
 + Level 2.7 Axes
 + Level 3.3 Armour
 + Level 3.3 Shields


You couldn't memorise any spells.
You didn't know any spells.
Your spell library was empty.

Dungeon Overview and Level Annotations

Branches:
Dungeon (1/15)

Altars:


Message History

Found a stone.
Found a rapier.
A bat comes into view.
The bat hits you.
You slash the bat!
You kill the bat!
No target in view!
No target in view!
No target in view!
HP restored.
You see here a bat corpse.
A frilled lizard comes into view.
The frilled lizard hisses angrily.
You hear a shout!
A frilled lizard is nearby!
A frilled lizard is nearby!
A goblin comes into view.
It is wielding a +0 dagger of electrocution.
The goblin shouts!
You see here a +0 rapier.
You block the frilled lizard's attack.
A frilled lizard comes into view.
You miss the frilled lizard.
The frilled lizard hisses angrily.
You block the frilled lizard's attack.
You closely miss the goblin. You miss the frilled lizard.
The goblin hits you but does no damage.
The frilled lizard bites you but does no damage.
The frilled lizard barely misses you.
A kobold comes into view.
It is wielding a +0 dagger and quivering poisoned darts.
The goblin hits you but does no damage.
You are electrocuted!
You barely miss the goblin. You barely miss the frilled lizard.
The kobold throws a poisoned dart.
The poisoned dart closely misses you. The goblin hits you but does no damage.
You are electrocuted!
Ouch! That really hurt!
* * * LOW HITPOINT WARNING * * *
The frilled lizard barely misses you.
You are too injured to fight recklessly!
You are too injured to fight recklessly!
You are too injured to fight recklessly!
The goblin hits you with a +0 dagger of electrocution.
You die...

############....
#...............
#...............
#...............
#.........l.....
#.............K.
+.......gl......
##......@....###
.................
#####.).########
#.#..# #.##.# #†#
... #.# ##.. #.#
### #.#


You could see a goblin, a kobold and 2 frilled lizards.

Vanquished Creatures
  A bat (D:1)
1 creature vanquished.

Notes
Turn   | Place    | Note
-------+----------+-------------------------------------------
     0 | D:1      | MisterAzrael the Hill Orc Fighter began the quest for the
                  | Orb.
     0 | D:1      | Reached XP level 1. HP: 19/19 MP: 1/1
    22 | D:1      | Slain by a goblin

Illustrated notes

Levels and vault maps discovered:
D:1:      lemuel_arrival_cross, layout_basic

Action                     || total
---------------------------++-------
  Melee: War axe           ||     4
 Armour: Scale mail        ||     6
  Dodge: Dodged            ||     3
  Block: Buckler           ||     2

Table legend: (Time is in decaauts)
 A = Elapsed time spent in this place.
 B = Non-inter-level travel time spent in this place.
 C = Inter-level travel time spent in this place.
 D = Time resting spent in this place.
 E = Time spent auto-exploring this place.
 F = Levels seen in this place.
 G = Mean time per level.
                   A        B        C        D        E       F      G
               +--------+--------+--------+--------+--------+-----+--------+
         Total |     23 |     23 |      0 |      0 |     10 |   1 |   23.0 |
       Dungeon |     23 |     23 |      0 |      0 |     10 |   1 |   23.0 |
               +--------+--------+--------+--------+--------+-----+--------+

Top non-repeatable levels by time:
     D:1: 23 daAuts
